 Dungeon Crawl Stone Soup version 0.27-a0-1188-g73eefd5def (webtiles) character file.

Game seed: 3190548652956401333

177 DasRunzen the Ducker (level 5, 0/42 HPs)
             Began as a Demigod Gladiator on May 21, 2021.
             Engulfed by an orc wizard's steam (17 damage)
             ... on level 3 of the Dungeon.
             The game lasted 00:04:19 (3808 turns).

DasRunzen the Ducker (Demigod Gladiator)            Turns: 3808, Time: 00:04:20

Health: 0/42       AC:  4    Str: 15    XL:     5   Next: 9%
Magic:  10/10      EV: 13    Int: 14    God:
Gold:   46         SH:  0    Dex: 15    Spells: 7/7 levels left

rFire    . . .     SeeInvis +   a - +1 long sword
rCold    . . .     Faith    .   (no shield)
rNeg     . . .     Spirit   .   b - +0 leather armour
rPois    .         Reflect  .   c - +0 helmet
rElec    .         Harm     .   (no cloak)
rCorr    .         Rampage  .   (no gloves)
Will     .....                  (no boots)
Stlth    +.........             (no amulet)
HPRegen  0.14/turn              f - ring of flight
MPRegen  0.12/turn              g - ring of see invisible

@: flying
A: high mp 1, forlorn
a: no special abilities


You were on level 3 of the Dungeon.
You visited 1 branch of the dungeon, and saw 3 of its levels.

You collected 46 gold pieces.

Inventory:

Hand Weapons
 a - a +1 long sword (weapon)
Missiles
 d - 3 throwing nets (quivered)
 h - 3 curare-tipped darts
Armour
 b - a +0 leather armour (worn)
 c - a +0 helmet (worn)
Jewellery
 f - a ring of flight (left hand)
 g - a ring of see invisible (right hand)
Scrolls
 k - a scroll of teleportation {unknown}
Potions
 e - a potion of ambrosia {unknown}
 i - a potion of flight {unknown}
 j - a potion of curing


   Skills:
 + Level 2.7 Fighting
 + Level 3.4 Long Blades
 - Level 1.7 Throwing
 + Level 1.8 Armour
 + Level 3.4 Dodging
 + Level 1.5 Spellcasting


You had 7 spell levels left.
You didn't know any spells.
Your spell library contained the following spells:

 Spells                   Type           Power      Damage    Failure   Level
 Animate Skeleton         Necr           2%         N/A       30%         1
 Pain                     Necr           4%         1d4       30%         1
 Vampiric Draining        Necr           0%         2d6       67%         3
 Animate Dead             Necr           0%         N/A       97%         4
 Agony                    Necr           1%         N/A       100%        5


Dungeon Overview and Level Annotations

Branches:
Dungeon (3/15)

Annotations:
D:3 1 runed translucent door, PanSaczeczos's ghost, weakling PaVM


Innate Abilities, Weirdness & Mutations

Your attributes grow dramatically as you level up.
You have an increased reservoir of magic. (+10% MP)
You shall have no god before yourself.


Message History

There is an open door here.
The orc wizard casts a spell at itself.
The orc wizard flickers and vanishes for a moment.
There is a shimmering blue altar of Sif Muna here.
There are monsters nearby!
There is a shimmering blue altar of Sif Muna here.
There is an open door here.
The orc wizard shouts!
There is a shimmering blue altar of Sif Muna here.
The orc wizard points at you and mumbles some strange words.
The puff of flame hits you.
The orc wizard is engulfed in a cloud of scalding steam.
There is a shimmering blue altar of Sif Muna here.
The orc wizard casts a spell at you.
You are confused.
There is an open door here.
The orc wizard casts a spell at you. The magic dart hits you!
The orc wizard gestures at itself while chanting.
The orc wizard flickers and vanishes for a moment.
The orc wizard gestures at you while chanting.
You resist with some effort.
The orc wizard points at you and mumbles some strange words.
The magic dart hits you.
You bump into the crystal wall.
The orc wizard casts a spell at itself.
The orc wizard flickers and vanishes for a moment.
The orc wizard hits you but does no damage.
You feel less confused.
The orc wizard hits you but does no damage.
The orc wizard hits you with a +0 dagger.
You miss the orc wizard.
The orc wizard is severely wounded.
The orc wizard points at you and mumbles some strange words.
The puff of flame hits you. The orc wizard misses you.
You are too injured to fight recklessly!
You closely miss the orc wizard.
The orc wizard is severely wounded.
You are engulfed in a cloud of scalding steam.
You die...

...##.#.#.###.#####...######.###.
######.....)..# #...######.# #.
####...### #...#(..##.# #.
#########...# #........#.###.
........#.>.# #...........##.
#..####.###### #........###.#.
#....##.###..##########....# #...
#..#.....#..8#..≈o# #..#.###...
.#.####...._.'..@o# #..##...#..
.........#..8#..≈.# #.......#..
########.##..###### #..........
#..####### #...#######
#........#######...# #
#..##......<)......# #
#..##...#####......# # #...†...#
###.####.# # #####.#####.....##.#
#


You could see 2 orc wizards.

Vanquished Creatures
  Jessica (D:2)
  4 adders
  3 gnolls (D:3)
  An orc (D:3)
  10 bats
  6 endoplasms
  2 giant cockroaches (D:2)
  7 goblins
  8 hobgoblins
  12 jackals
  7 kobolds
  6 quokkas
  4 ball pythons
  4 frilled lizards
  4 rats
79 creatures vanquished.

Notes
Turn   | Place    | Note
-------+----------+-------------------------------------------
     0 | D:1      | DasRunzen the Demigod Gladiator began the quest for the
                  | Orb.
     0 | D:1      | Reached XP level 1. HP: 17/17 MP: 3/3
   370 | D:1      | Reached XP level 2. HP: 22/24 MP: 4/4
   868 | D:1      | Reached skill level 1 in Armour
   877 | D:1      | Reached XP level 3. HP: 27/29 MP: 6/6
  1677 | D:2      | Reached skill level 1 in Spellcasting
  2070 | D:2      | Noticed Jessica
  2082 | D:2      | Killed Jessica
  2083 | D:2      | Reached XP level 4. HP: 11/37 MP: 8/8
  2769 | D:3      | Noticed an ice beast
  2985 | D:3      | Found a runed translucent door.
  2994 | D:3      | Noticed PanSaczeczos's ghost (weakling PaVM)
  3262 | D:3      | Reached XP level 5. HP: 28/42 MP: 10/10
  3808 | D:3      | Engulfed by an orc wizard's steam

Illustrated notes

Levels and vault maps discovered:
D:1:      dpeg_arrival_rooms_b, layout_basic, minmay_misc_feat_tower,
          chequers_jeans, minmay_bisected
D:2:      layout_basic, chequers_ecumenical_altar_simple_redux, basic_altar,
          grunt_ministairs_13, uniq_jessica
D:3:      layout_loops_cross, led_sif_book, lemuel_doored_altar,
          old_standard_altar, ebering_ghost_sewer_d

Skill      XL: |  1  2  3 |
---------------+----------+-----
Fighting       | 2 |  2.7
Armour         | 1 |  1.8
Long Blades    | 3 |  3.4
Dodging        | 3 |  3.4
Spellcasting   | 1 |  1.5
Throwing       | |  1.7

Action                   |  1- 3 |  4- 6 || total
-------------------------+-------+-------++-------
Melee: Long sword        |   121 |    76 ||   197
  Use: Scroll            |     2 |     1 ||     3
 Stab: Sleeping          |       |     1 ||     1
Armor: Leather armour    |    53 |    24 ||    77
Dodge: Dodged            |   121 |    48 ||   169
       Rpst.: Long sword |    42 |    14 ||    56

Table legend: (Time is in decaauts)
 A = Elapsed time spent in this place.
 B = Non-inter-level travel time spent in this place.
 C = Inter-level travel time spent in this place.
 D = Time resting spent in this place.
 E = Time spent auto-exploring this place.
 F = Levels seen in this place.
 G = Mean time per level.
                   A        B        C        D        E       F      G
               +--------+--------+--------+--------+--------+-----+--------+
         Total |   3855 |   3810 |     45 |    817 |   2463 |   3 | 1285.0 |
       Dungeon |   3855 |   3810 |     45 |    817 |   2463 |   3 | 1285.0 |
               +--------+--------+--------+--------+--------+-----+--------+

Top non-repeatable levels by time:
     D:1: 1500 daAuts
     D:2: 1284 daAuts
     D:3: 1070 daAuts
